 Dungeon Crawl Stone Soup version 0.21.1-1-g345015f (webtiles) character file.

656 wilfster70 the Ducker (level 7, -12/44 HPs)
             Began as a Halfling Warper on June 11, 2018.
             Was an Initiate of Okawaru.
             Mangled by an orc warrior
             ... wielding a +0 hand axe
              (20 damage)
             ... on level 4 of the Dungeon on June 12, 2018.
             The game lasted 00:18:36 (4344 turns).

wilfster70 the Ducker (Halfling Warper)             Turns: 4344, Time: 00:18:37

Health: -12/44     AC: 10    Str: 14    XL:     7   Next: 85%
Magic:  18/18      EV: 17    Int: 11    God:    Okawaru [......]
Gold:   136        SH:  0    Dex: 14    Spells: 5/9 levels left

rFire    . . .     SeeInvis .   a - +1 dagger (venom)
rCold    . . .     Gourm    .   (shield restricted)
rNeg     . . .     Faith    .   A - +1 leather armour
rPois    .         Spirit   .   (no helmet)
rElec    .         Reflect  .   g - scarf {cloud immunity}
rCorr    .         Harm     .   (no gloves)
MR       .....                  v - +0 pair of boots
Stlth    +.........             (no amulet)
HPRegen  0.14/turn              i - ring of magical power
MPRegen  0.16/turn              j - +5 ring of protection

@: no status effects
A: small, mutation resistance 1
a: Renounce Religion


You were on level 4 of the Dungeon.
You worshipped Okawaru.
Okawaru was noncommittal.
You were not hungry.

You visited 1 branch of the dungeon, and saw 4 of its levels.

You collected 136 gold pieces.

Inventory:

Hand Weapons
 a - a +1 dagger of venom (weapon)
 b - a +0 hunting sling
Missiles
 e - 5 tomahawks of dispersal (quivered)
 m - 164 stones
 p - 23 sling bullets
Armour
 g - a scarf of cloud immunity (worn)
 u - a +0 buckler
 v - a +0 pair of boots (worn)
 A - a +1 leather armour (worn)
Jewellery
 i - a ring of magical power (left hand)
 j - a +5 ring of protection (right hand)
 n - a +3 ring of evasion {unknown}
 o - an uncursed ring of positive energy
Wands
 y - a wand of enslavement (12)
Scrolls
 d - 2 scrolls of blinking
 h - a scroll of immolation
 l - a scroll of teleportation
 r - 3 scrolls of identify
 s - a scroll of magic mapping {unknown}
 x - 2 scrolls of amnesia
Potions
 k - a potion of brilliance {unknown}
 t - a potion of mutation {unknown}
Books
 c - a book of Spatial Translocations

   Spells                             Type                      Level
   a - Blink                          Translocation                2
   b - Shroud of Golubria             Charms/Translocation         2
   c - Lesser Beckoning               Translocation                3
   d - Gell's Gravitas                Translocation                3
   e - Teleport Other                 Translocation                3
   f - Passage of Golubria            Translocation                4
Comestibles
 f - 4 rations
 w - a chunk of flesh


   Skills:
 - Level 1.7 Fighting
 - Level 6.0 Short Blades
 + Level 2.1(2.4) Slings
 - Level 1.0(1.3) Throwing
 - Level 1.1 Armour
 - Level 6.1 Dodging
 - Level 1.5 Spellcasting
 + Level 2.6 Charms
 - Level 4.0 Translocations


You had 5 spell levels left.
You knew the following spells:

 Your Spells              Type           Power        Failure   Level  Hunger
a - Blink                 Tloc           N/A          11%         2    ###....
b - Shroud of Golubria    Chrm/Tloc      #.........   14%         2    ###....


Dungeon Overview and Level Annotations

Branches:
Dungeon (4/15)
 Temple: D:4-7

Altars:
Kikubaaqudgha
Okawaru
Trog
Yredelemnul

Annotations:
D:3 1 transporter, Menkaure


Innate Abilities, Weirdness & Mutations

You are small and have problems with some larger weapons.
You are somewhat resistant to further mutation.


Message History

You barely miss the howler monkey.
The howler monkey is lightly wounded.
You barely miss the howler monkey.
The howler monkey is lightly wounded.
The howler monkey closely misses you. The howler monkey barely misses you.
The howler monkey completely misses you.
You hit the howler monkey.
The howler monkey looks even sicker.
The howler monkey is heavily wounded.
The howler monkey barely misses you.
The howler monkey hoots and howls with incredible vigour!
You kill the howler monkey!
Okawaru accepts your kill.
Your Slings skill increases to level 2!
You see here a stone.
The orc warrior hits you with a hand axe!
* * * LOW HITPOINT WARNING * * *
It was a potion of curing.
You feel better.
The orc warrior hits you with a hand axe!!
You die...

############################
#........oo@................
#)#####S####################
#.#####.####################
#.........##.o.S.oS.........
#..####.#.##.o###########...
#####..####.#o##..#####.........
#.............S.................
#####........................[..
###.##..#..........######...


You could see an orc warrior, an adder and an orc.

Vanquished Creatures
  2 eyes of draining (D:3)
  An ogre (D:4)
  A phantom (D:4)
  A howler monkey (D:4)
  A hound (D:4)
  An orc priest (D:3)
  Jessica (D:3)
  Ijyb (D:4)
  A worker ant (D:4)
  3 gnolls (D:2)
  4 adders (D:2)
  A worm (D:2)
  2 leopard geckos (D:4)
  13 orcs
  2 ball pythons
  6 bats
  2 giant cockroaches
  5 goblins
  4 hobgoblins
  10 kobolds
  3 quokkas
  4 frilled lizards
  2 jackal skeletons
  3 rats (D:3)
74 creatures vanquished.

Notes
Turn   | Place    | Note
-------+----------+-------------------------------------------
     0 | D:1      | wilfster70 the Halfling Warper began the quest for the Orb.
     0 | D:1      | Reached XP level 1. HP: 14/14 MP: 3/3
   339 | D:1      | Reached XP level 2. HP: 19/19 MP: 4/4
   344 | D:1      | Learned a level 2 spell: Blink
   347 | D:1      | Learned a level 2 spell: Shroud of Golubria
  1031 | D:2      | Reached XP level 3. HP: 21/24 MP: 5/5
  1362 | D:2      | Reached XP level 4. HP: 16/29 MP: 6/6
  2148 | D:3      | Reached XP level 5. HP: 34/34 MP: 7/7
  2204 | D:3      | Found a basalt altar of Yredelemnul.
  2220 | D:3      | Found an ancient bone altar of Kikubaaqudgha.
  2221 | D:3      | Noticed Menkaure
  2237 | D:3      | Found a transporter.
  2273 | D:3      | Found a transporter.
  2467 | D:3      | Noticed an eye of draining
  2468 | D:3      | Found a bloodstained altar of Trog.
  2515 | D:3      | Killed an eye of draining
  2515 | D:3      | Reached skill level 5 in Short Blades
  2515 | D:3      | Reached XP level 6. HP: 39/39 MP: 1/8
  2635 | D:3      | Noticed an eye of draining
  2654 | D:3      | Killed an eye of draining
  2654 | D:3      | Reached skill level 5 in Dodging
  2807 | D:3      | Noticed Jessica
  2815 | D:3      | Killed Jessica
  3210 | D:3      | Found an iron altar of Okawaru.
  3240 | D:3      | Became a worshipper of Warmaster Okawaru
  3397 | D:4      | Noticed a sky beast
  3453 | D:4      | Reached XP level 7. HP: 33/44 MP: 9/9
  3625 | D:4      | Noticed Ijyb
  3647 | D:4      | Killed Ijyb
  3647 | D:4      | Reached skill level 1 in Charms
  4206 | D:4      | Reached skill level 1 in Slings
  4341 | D:4      | HP: 2/44 [orc warrior/hand axe (16)]
  4344 | D:4      | Mangled by an orc warrior

Skill      XL: |  1  2  3  4  5  6  7 |
---------------+----------------------+-----
Short Blades   | 3 4 5 6 |  6.0
Dodging        | 3 4 5 6 |  6.1
Charms         | 2 |  2.6
Translocations | 4 |  4.0
Slings         | 2 |  2.1
Fighting       | |  1.7
Throwing       | |  1.0
Armour         | |  1.1
Spellcasting   | |  1.5

Action                   |  1- 3 |  4- 6 |  7- 9 || total
-------------------------+-------+-------+-------++-------
Melee: Short sword       |    95 |    37 |       ||   132
       Dagger            |       |   130 |    53 ||   183
 Fire: Hunting sling     |       |       |    67 ||    67
  Use: Potion            |       |     2 |     1 ||     3
       Scroll            |       |       |     6 ||     6
 Stab: Sleeping          |     1 |     1 |       ||     2
  Eat: Chunk             |     1 |     7 |     3 ||    11
Armor: Leather armour    |    24 |    24 |    33 ||    81
       Skin              |       |    10 |       ||    10
Dodge: Dodged            |    61 |   108 |   105 ||   274
